 Dungeon Crawl Stone Soup version 0.29.1-15-g9cfb28693d (webtiles) character file.

Game seed: 1969088316723898849

114 fleeber the Slasher (level 4, -2/33 HPs)
             Began as a Merfolk Gladiator on Mar 8, 2023.
             Slain by a river rat (3 damage)
             ... on level 3 of the Dungeon.
             The game lasted 00:05:42 (2953 turns).

fleeber the Slasher (Merfolk Gladiator)             Turns: 2953, Time: 00:05:43

Health: -2/33      AC:  6    Str: 14    XL:     4   Next: 97%
Magic:  4/4        EV: 12    Int:  7    God:
Gold:   160        SH:  0    Dex: 17    Spells: 3/3 levels left

rFire   + . .      SeeInvis .   a - +0 long sword
rCold   . . .      Faith    .   (no shield)
rNeg    . . .      Spirit   .   r - +0 ring mail
rPois   .          Reflect  .   c - +0 helmet
rElec   .          Harm     .   (no cloak)
rCorr   .          Rampage  .   (no gloves)
Will    .....                   (no boots)
Stlth   +.........              (no amulet)
HPRegen 0.11/turn               j - ring of protection from fire
MPRegen 0.09/turn               (no ring)

@: no status effects
A: (nimble swimmer 2), mertail
a: no special abilities


You were on level 3 of the Dungeon.
You visited 1 branch of the dungeon, and saw 3 of its levels.

You collected 160 gold pieces.

Inventory:

Hand Weapons
 a - a +0 long sword (weapon)
Missiles
 b - 35 stones (quivered)
 d - 3 throwing nets
 e - a javelin
Armour
 c - a +0 helmet (worn)
 r - a +0 ring mail (worn)
Jewellery
 j - a ring of protection from fire (left hand)
Scrolls
 g - a scroll of noise {unknown}
 k - a scroll of vulnerability {unknown}
 l - a scroll of brand weapon {unknown}
 m - 2 scrolls of enchant armour {unknown}
 n - a scroll of identify {unknown}
 q - a scroll of poison {unknown}
 s - 2 scrolls of immolation {unknown}
 w - a scroll of butterflies {unknown}
 y - 2 scrolls of teleportation {unknown}
 A - a scroll of amnesia {unknown}
Potions
 f - a potion of flight {unknown}
 h - a potion of brilliance {unknown}
 i - a potion of berserk rage {unknown}
 o - a potion of might {unknown}
 p - 2 potions of attraction {unknown}
 t - a potion of heal wounds {unknown}
 u - 2 potions of curing {unknown}
 v - a potion of invisibility {unknown}
 x - a potion of degeneration {unknown}
 z - 2 potions of ambrosia {unknown}


   Skills:
 - Level 2.1 Fighting
 + Level 6.6 Long Blades
 - Level 2.0 Throwing
 - Level 4.0 Dodging


You had 3 spell levels left.
You didn't know any spells.
Your spell library contained the following spells:

 Spells                   Type           Power      Damage    Failure   Level
 Dazzling Flash           Conj/Hex       0%         N/A       96%         3
 Agony                    Necr           0%         N/A       100%        5
 Fireball                 Conj/Fire      0%         3d3       100%        5
 Iskenderun's Battlesphe  Conj           0%         2d6       100%        5
 Silence                  Hex/Air        0%         N/A       100%        5
 Conjure Ball Lightning   Conj/Air       0%         3x3d6     100%        6
 Orb of Destruction       Conj           0%         9d5       100%        7


Dungeon Overview and Level Annotations

Branches:
Dungeon (3/15)

Altars:
Nemelex Xobeh


Innate Abilities, Weirdness & Mutations

((You are very nimble when in or above water. (Stealth+, EV+, Speed+++)))
Your lower body shifts to a powerful aquatic tail in water.


Message History

The giant cockroach bites you.
You slash the river rat!
You kill the river rat!
The river rat barely misses you. The river rat closely misses you.
The giant cockroach bites you but does no damage.
The giant cockroach waves its antennae.
The river rat bites you.
You hit the river rat.
The river rat is moderately wounded.
The giant cockroach barely misses you. The river rat bites you!
* * * LOW HITPOINT WARNING * * *
The giant cockroach closely misses you.
You hit the river rat but do no damage.
The river rat is moderately wounded.
The river rat closely misses you. The giant cockroach bites you.
* * * LOW HITPOINT WARNING * * *
You hit the river rat but do no damage.
The river rat is moderately wounded.
The river rat bites you.
* * * LOW HITPOINT WARNING * * *
You hit the river rat but do no damage.
The river rat is moderately wounded.
The river rat misses you.
You hit the river rat.
The river rat is heavily wounded.
The river rat barely misses you.
The river rat bites you but does no damage.
You hit the river rat but do no damage.
The river rat is heavily wounded.
The river rat barely misses you.
You barely miss the river rat.
The river rat is heavily wounded.
The river rat bites you.
* * * LOW HITPOINT WARNING * * *
You completely miss the river rat.
The river rat is heavily wounded.
The river rat bites you.
* * * LOW HITPOINT WARNING * * *
The river rat attacks as you move away! The river rat bites you.
You die...

###### #~~~.. +~~~.# #####
# +~~~.# #######.... .
####~~..# ..........###
~~~~~...# #.# #......##
..~.~...# #.# #.#.#..##
.~.....r#### #.# #.#....).
.......Br@.# #.###.#.....#
##########.###..........##
#..###.##.#......
##.##...#####.###
#.#.###.# #.# #...# #.#
##+## #.#.###.###...##
#.##...###.....#
#..######.......


You could see 2 river rats and a giant cockroach.

Vanquished Creatures
  Robin (D:2)
  2 adders
  A river rat (D:3)
  3 worms
  3 dart slugs
  An endoplasm (D:2)
  2 giant cockroaches (D:3)
  8 goblins
  10 hobgoblins
  6 jackals
  8 kobolds
  4 ball pythons
  4 bats
  2 frilled lizards
  4 rats
59 creatures vanquished.

Vanquished Creatures (others)
  5 plants (D:3)
5 creatures vanquished.

Grand Total: 64 creatures vanquished

Notes
Turn   | Place    | Note
-------+----------+-------------------------------------------
     0 | D:1      | fleeber the Merfolk Gladiator began the quest for the Orb.
     0 | D:1      | Reached XP level 1. HP: 16/16 MP: 1/1
   226 | D:1      | Reached skill level 4 in Long Blades
   234 | D:1      | Reached XP level 2. HP: 9/22 MP: 2/2
   869 | D:1      | Found a faded altar of an unknown god.
  1153 | D:2      | Reached skill level 5 in Long Blades
  1153 | D:2      | Reached XP level 3. HP: 23/27 MP: 3/3
  1700 | D:2      | Noticed Robin
  1715 | D:2      | Killed Robin
  1716 | D:2      | Reached XP level 4. HP: 13/33 MP: 4/4
  1734 | D:2      | Reached skill level 6 in Long Blades
  2520 | D:3      | Found a sparkling altar of Nemelex Xobeh.
  2952 | D:3      | HP: 1/33 [river rat (1)]
  2953 | D:3      | Slain by a river rat

Illustrated notes

Levels and vault maps discovered:
D:1:      minmay_arrival_three_doors, layout_rooms, basic_ecumenical_altar,
          serial_corexii_hall, chequers_hall_statues_corner_a,
          corexii_hall_statues_i, corexii_hall_statues_x, minmay_pentomino_v2
D:2:      layout_loops_corners, uniq_robin
D:3:      layout_loops_corners, lemuel_round_altar, portal_sewer_entry_e,
          minmay_lizard_king

Skill      XL: |  1  2  3  4 |
---------------+-------------+-----
Long Blades    | 4 5 6 |  6.6
Fighting       | |  2.1
Throwing       | |  2.0
Dodging        | |  4.0

Action                   |  1- 3 |  4- 6 || total
-------------------------+-------+-------++-------
Melee: Long sword        |   125 |    75 ||   200
       Punch             |     2 |       ||     2
Armor: Leather armour    |    17 |       ||    17
       Ring mail         |    21 |    29 ||    50
Dodge: Dodged            |    89 |    59 ||   148
